 Dungeon Crawl Stone Soup version 0.24.1-14-gf8d2b509d9 (webtiles) character file.

Game seed: 13581597046854425130, levelgen mode: deterministic

107 TittyCrusher the Digger (level 4, -4/24 HPs)
             Began as a Gargoyle Earth Elementalist on May 20, 2023.
             Slain by Duvessa
             ... wielding a +0 rapier
              (8 damage)
             ... on level 4 of the Dungeon.
             The game lasted 00:05:10 (2831 turns).

TittyCrusher the Digger (GrEE)                      Turns: 2831, Time: 00:05:11

Health: -4/24      AC:  9    Str: 12    XL:     4   Next: 86%
Magic:  7/9        EV: 12    Int: 16    God:
Gold:   180        SH:  0    Dex: 10    Spells: 5/9 levels left

rFire    . . .     SeeInvis +   a - +1 whip (venom)
rCold    . . .     Gourm    .   (no shield)
rNeg     + . .     Faith    .   c - +1 robe
rPois    ∞         Spirit   .   (no helmet)
rElec    +         Reflect  .   (no cloak)
rCorr    .         Harm     .   (no gloves)
MR       .....                  w - +2 pair of boots {Fly}
Stlth    +.........             v - amulet of magic regeneration
HPRegen  0.08/turn              l - ring of attention
MPRegen  0.36/turn              p - ring of see invisible

@: about to teleport, flying
A: negative energy resistance 1, electricity resistance, unbreathing,
petrification resistance, rot immunity, AC +3
a: Stop Flying


You were on level 4 of the Dungeon.
You were not hungry.

You visited 1 branch of the dungeon, and saw 4 of its levels.

You collected 180 gold pieces.

Inventory:

Hand Weapons
 a - a +1 whip of venom (weapon)
Missiles
 b - 66 stones (quivered)
 j - 60 arrows
Armour
 c - a +1 robe (worn)
 w - a +2 pair of boots of flying (worn)
 y - a +0 ring mail
Jewellery
 l - a ring of attention (left hand)
 p - a ring of see invisible (right hand)
 v - an amulet of magic regeneration (around neck)
Wands
 s - a wand of flame (21)
Scrolls
 e - a scroll of immolation
 f - 4 scrolls of identify
 g - a scroll of fog
 i - a scroll of amnesia
 m - a scroll of remove curse
 q - a scroll of enchant weapon {unknown}
 r - a scroll of fear {unknown}
Potions
 n - a potion of haste {unknown}
 t - a potion of might {unknown}
 u - a potion of lignification {unknown}
Comestibles
 d - 8 rations
 x - 3 chunks of flesh


   Skills:
 - Level 1.5 Dodging
 - Level 2.1 Stealth
 - Level 3.3 Spellcasting
 + Level 3.3 Conjurations
   Level 0.7 Transmutations
 - Level 3.6 Earth Magic


You had 5 spell levels left.
You knew the following spells:

 Your Spells              Type           Power        Failure   Level  Hunger
a - Sandblast             Erth           ##....       4%          1    None
b - Stone Arrow           Conj/Erth      ##....       13%         3    ###....

Your spell library contained the following spells:

 Spells                   Type           Power        Failure   Level  Hunger
 Passwall                 Tmut/Erth      #.......     11%         2    ##.....
 Petrify                  Tmut/Erth      #.......     58%         4    ####...
 Lee's Rapid Deconstruct  Erth           ##........   75%         5    ######.


Dungeon Overview and Level Annotations

Branches:
Dungeon (4/15)
 Temple: D:4-7

Altars:
Cheibriados
Wu Jian
Beogh

Annotations:
D:3 3 runed translucent doors, cstieg1's ghost, amateur DEFE
D:4 2 transporters, Dowan; Duvessa; Temp85366's ghost, amateur MiFi


Innate Abilities, Weirdness & Mutations

You are resistant to torment.
Your stone body is resilient. (AC +3)
You are immune to poison.
You resist negative energy. (rN+)
You are resistant to electric shocks. (rElec)
You can survive without breathing.
You are immune to petrification.
You are immune to rotting.


Message History

As you read the scroll labeled LEGYDA ZIORRIGG, it crumbles to dust.
It is a scroll of amnesia.
Really abort (and waste the scroll)?
Okay, then.
As you read the scroll labeled ILUTOR POGAVU, it crumbles to dust.
You hear a loud clanging noise!
It was a scroll of noise.
You hear a shout! x3
Duvessa hits you with a +0 rapier!
* * * LOW HITPOINT WARNING * * *
Unknown command.
Okay, then.
Okay, then.
As you read the scroll labeled GON SOENKIO, it crumbles to dust.
You feel as if something is helping you.
It was a scroll of remove curse.
Duvessa barely misses you.
As you read the scroll labeled FAFUIS YGELU, it crumbles to dust.
You feel strangely unstable.
It was a scroll of teleportation.
Duvessa hits you with a +0 rapier!
You die...

. .#...##...#.### .#
. #...©#.........
..##5##
.#####.##.#.###
..###©####.....##...#
..........##........
#.#.#....##..........
#.#.....##..........
#.#....##..........
#.#@######..........
.#e#.# #........ #e
.# #........ #. .# ..
+# .. ... ...


You could see Duvessa (inner flame) and Dowan (inner flame).

Vanquished Creatures
  A centaur skeleton (D:4)
  An adder (D:2)
  A gnoll (D:1)
  A howler monkey skeleton (D:4)
  A dart slug (D:1)
  3 leopard geckos
  3 orcs (D:4)
  A ball python (D:2)
  4 bats
  4 giant cockroaches
  5 goblins
  2 hobgoblins
  3 jackals (D:3)
  4 frilled lizards
  5 kobolds
  2 rats (D:1)
41 creatures vanquished.

Notes
Turn   | Place    | Note
-------+----------+-------------------------------------------
     0 | D:1      | TittyCrusher the Gargoyle Earth Elementalist began the
                  | quest for the Orb.
     0 | D:1      | Reached XP level 1. HP: 10/10 MP: 3/3
   335 | D:1      | Reached XP level 2. HP: 15/15 MP: 0/5
   782 | D:1      | Reached XP level 3. HP: 18/19 MP: 3/7
   825 | D:1      | Learned a level 3 spell: Stone Arrow
  1324 | D:2      | Found a snail-covered altar of Cheibriados.
  1565 | D:2      | Reached skill level 1 in Conjurations
  1669 | D:3      | Found a faded altar of an unknown god.
  2098 | D:3      | Found an ornate altar of the Wu Jian Council.
  2138 | D:3      | Reached XP level 4. HP: 24/24 MP: 5/9
  2334 | D:3      | Found a runed translucent gate.
  2335 | D:3      | Found a runed translucent gate.
  2335 | D:3      | Identified the +6 hunting sling "Oqothrirr" {velocity,
                  | rElec rC+ Int-4}
  2335 | D:3      | Noticed cstieg1's ghost (amateur DEFE)
  2336 | D:3      | Found a runed translucent gate.
  2337 | D:3      | Found a roughly hewn altar of Beogh.
  2584 | D:4      | Found a transporter.
  2585 | D:4      | Noticed Temp85366's ghost (amateur MiFi)
  2805 | D:4      | Found a transporter.
  2818 | D:4      | Noticed Duvessa
  2818 | D:4      | Noticed Dowan
  2831 | D:4      | Slain by Duvessa

Levels and vault maps discovered:
D:1:      kennysheep_arrival_forest, layout_loops_corners
D:2:      layout_basic, cheibriados_altar_1, st_stairs_14
D:3:      layout_loops_corners, lemuel_round_altar, biasface_ghost_orc_armoury,
          chequers_ecumenical_altar_simple_redux, minmay_misc_feat_rugged
D:4:      layout_basic, grunt_temple_overflow_open, first_ration,
          gammafunk_ghost_stat_death, uniq_ijyb, uniq_duvessa, uniq_natasha,
          uniq_eustachio

Skill      XL: |  1  2  3  4 |
---------------+-------------+-----
Spellcasting   | 3 |  3.3
Conjurations   | 1 3 |  3.3
Dodging        | |  1.5
Stealth        | |  2.1
Transmutations | |  0.7
Earth Magic    | |  3.6

Action                   |  1- 3 |  4- 6 || total
-------------------------+-------+-------++-------
Melee: Whip              |       |     6 ||     6
Throw: Stone             |     1 |       ||     1
 Cast: Sandblast         |    48 |    26 ||    74
  Use: Scroll            |       |     7 ||     7
  Eat: Chunk             |     3 |     3 ||     6
Armor: Robe              |     1 |     8 ||     9
Dodge: Dodged            |     8 |    14 ||    22
